 Dungeon Crawl Stone Soup version 0.29-a0-330-g52719c12eb (webtiles) character file.

Game seed: 9344679888977851410

55 kae the Firebug (level 3, 0/22 HPs)
             Began as an Octopode Fire Elementalist on Apr 18, 2022.
             Slain by Terence
             ... wielding a +0 mace
              (7 damage)
             ... on level 2 of the Dungeon.
             The game lasted 00:00:47 (1729 turns).

kae the Firebug (Octopode Fire Elementalist)        Turns: 1729, Time: 00:00:47

Health: 0/22       AC:  1    Str:  7    XL:     3   Next: 93%
Magic:  4/6        EV: 13    Int: 19    God:
Gold:   81         SH:  0    Dex: 12    Spells: 0/6 levels left

rFire   + . .      SeeInvis .   (no weapon)
rCold   + . .      Faith    .   (no shield)
rNeg    . . .      Spirit   .   (helmet restricted)
rPois   +          Reflect  .   (no amulet)
rElec   +          Harm     .   (no ring)
rCorr   +          Rampage  .   (no ring)
Will    .....                   (no ring)
Stlth   +++.......              (no ring)
HPRegen 0.07/turn               (no ring)
MPRegen 0.10/turn               (no ring)
                                (no ring)
                                (no ring)

@: resistant
A: almost no armour, amphibious, 8 rings, camouflage 1, gelatinous body 1,
(nimble swimmer 1), tentacles
a: no special abilities


You were on level 2 of the Dungeon.
You visited 1 branch of the dungeon, and saw 2 of its levels.

You collected 81 gold pieces.

Inventory:

Scrolls
 b - a scroll of silence {unknown}
 f - a scroll of immolation {unknown}
Potions
 a - a potion of magic
 d - a potion of heal wounds
 e - 3 potions of ambrosia {unknown}
 g - 2 potions of curing {unknown}


   Skills:
 + Level 0.8 Fighting
 + Level 2.3 Dodging
 + Level 3.3 Stealth
 + Level 2.2 Spellcasting
 + Level 1.4 Conjurations
 * Level 3.6 Fire Magic


You couldn't memorise any spells.
You knew the following spells:

 Your Spells              Type           Power      Damage    Failure   Level
a - Foxfire               Conj/Fire      44%        2x1d6     6%          1
b - Scorch                Fire           32%        2d6       5%          2
c - Conjure Flame         Conj/Fire      11%        6-21      17%         3

Your spell library contained the following spells:

 Spells                   Type           Power      Damage    Failure   Level
 Inner Flame              Hex/Fire       9%         N/A       24%         3
 Flame Wave               Conj/Fire      11%        2d5       50%         4


Dungeon Overview and Level Annotations

Branches:
Dungeon (2/15)

Altars:

Annotations:
D:2 Terence


Innate Abilities, Weirdness & Mutations

You cannot wear most types of armour.
You are amphibious.
You can wear up to eight rings at the same time.
Your skin changes colour to match your surroundings (Stealth+).
Your rubbery body absorbs attacks. (AC +1, EV +1)
((You are camouflaged when in or above water. (Stealth+)))
You have tentacles for arms and can constrict up to eight enemies at once.


Message History

The ball python bites you. The ball python closely misses you.
You closely miss the ball python. You grab the ball python.
You squeeze the ball python.
The ball python is heavily wounded.
You constrict the ball python. The ball python bites you.
The ball python grabs you. The ball python constricts you.
The ball python bites you. The ball python constricts you.
You tentacle-slap the ball python.
You kill the ball python!
The goblin attacks as you move away! The goblin hits you with a +0 club.
* * * LOW HITPOINT WARNING * * *
The goblin attacks as you move away! The goblin hits you with a +0 club.
* * * LOW HITPOINT WARNING * * *
It was a potion of resistance.
You feel protected. The goblin closely misses you.
It was a potion of heal wounds.
You feel much better. The goblin misses you.
You completely miss the goblin. Your grab misses the goblin.
The goblin hits you with a +0 club. The goblin attacks as you move away!
The goblin closely misses you. The goblin attacks as you move away!
The goblin closely misses you.
You barely miss the goblin. You grab the goblin. You constrict the goblin.
The goblin hits you with a +0 club.
You tentacle-slap the goblin.
The goblin is severely wounded.
You constrict the goblin.
You kill the goblin!
Casting: Foxfire (safe; 6% risk of failure)
Confirm with . or Enter, or press ? or * to list all spells.
You conjure some foxfire!
Terence closely misses you.
The foxfire hits Terence but does no damage. x2
Terence hits you with a +0 mace.
Casting: Foxfire (safe; 6% risk of failure)
Confirm with . or Enter, or press ? or * to list all spells.
You conjure some foxfire!
Terence hits you with a +0 mace!
The foxfire hits Terence but does no damage.
The foxfire hits Terence.
Terence is lightly wounded.
Terence hits you with a +0 mace!
You die...

##...##...##
##..........##
#............#
#............#
#............#
###########
#...........##
..........#
##.#....#...##
....>.....###..####..####
########....@@## ##.#
##.###.######.#
#.#..........## ####
#.#.#######...#
#####..###.###### ##..#
#...##.....##!..## #..#
.....##...##.....# #..#
......#...#....... ##)#
.$....'...'...B$.. ##..#


You could see Terence.

Vanquished Creatures
  Jessica (D:2)
  4 ball pythons
  2 bats (D:1)
  3 endoplasms (D:1)
  A giant cockroach (D:2)
  6 goblins
  A hobgoblin (D:2)
  A kobold (D:1)
  2 quokkas (D:2)
  3 frilled lizards (D:1)
  A rat (D:1)
25 creatures vanquished.

Vanquished Creatures (others)
  75 foxfires
  2 plants (D:2)
77 creatures vanquished.

Grand Total: 102 creatures vanquished

Notes
Turn   | Place    | Note
-------+----------+-------------------------------------------
     0 | D:1      | kae the Octopode Fire Elementalist began the quest for the
                  | Orb.
     0 | D:1      | Reached XP level 1. HP: 11/11 MP: 3/3
   281 | D:1      | Reached XP level 2. HP: 17/17 MP: 0/5
   392 | D:1      | Learned a level 2 spell: Scorch
  1454 | D:2      | Noticed Jessica
  1460 | D:2      | Killed Jessica
  1461 | D:2      | Reached XP level 3. HP: 17/22 MP: 2/6
  1672 | D:2      | Learned a level 3 spell: Conjure Flame
  1701 | D:2      | Noticed Terence
  1729 | D:2      | Slain by Terence

Illustrated notes

Levels and vault maps discovered:
D:1:      lemuel_arrival_broad_hall, layout_basic,
          chequers_serial_rivers_micro_c
D:2:      kennysheep_six_static_rooms, layout_rooms, serial_bayou_crossing,
          uniq_terence, uniq_robin, uniq_jessica

Skill      XL: |  1  2 |
---------------+-------+-----
Stealth        | 3 |  3.3
Fighting       | |  0.8
Dodging        | |  2.3
Spellcasting   | |  2.2
Conjurations   | |  1.4
Fire Magic     | |  3.6

Action                   || total
-------------------------++-------
Melee: Unarmed           ||    17
       Tentacles         ||     5
       Constrict         ||     4
 Cast: Foxfire           ||    48
  Use: Scroll            ||     2
       Potion            ||     2
 Stab: Sleeping          ||     2
Armor: Skin              ||     1
Dodge: Dodged            ||    31

Table legend: (Time is in decaauts)
 A = Elapsed time spent in this place.
 B = Non-inter-level travel time spent in this place.
 C = Inter-level travel time spent in this place.
 D = Time resting spent in this place.
 E = Time spent auto-exploring this place.
 F = Levels seen in this place.
 G = Mean time per level.
                   A        B        C        D        E       F      G
               +--------+--------+--------+--------+--------+-----+--------+
         Total |   1728 |   1718 |     10 |    100 |   1408 |   2 |  864.0 |
       Dungeon |   1728 |   1718 |     10 |    100 |   1408 |   2 |  864.0 |
               +--------+--------+--------+--------+--------+-----+--------+

Top non-repeatable levels by time:
     D:1: 1454 daAuts
     D:2: 274 daAuts
